 Dungeon Sprint DCSS version 0.26-a0-665-gefeb406119 (webtiles) character file.

Game seed: 6222310325718625263

18998 zazu2006 the Blocker (level 12, -9/105 HPs)
             Began as a Gnoll Fighter on Oct 13, 2020.
             Was the Champion of Dithmenos.
             Killed by the air
             ... invoked by a wind drake
              (10 damage)
             ... in the Dungeon (Sprint V: "Ziggurat Sprint").
             The game lasted 00:10:02 (2032 turns).

zazu2006 the Blocker (Gnoll Fighter)                Turns: 2032, Time: 00:10:03

Health: -9/105     AC: 18    Str: 33    XL:     12   Next: 64%
Magic:  27/27      EV: 15    Int: 12    God:    Dithmenos [******]
Gold:   0          SH: 30    Dex: 16    Spells: 34/34 levels left

rFire    + . .     SeeInvis .   M - +11 lance "Wyrmbane" {slay drac, rPois rF+ rC+ AC+3}
rCold    + . .     Faith    .   o - +3 tower shield
rNeg     . . .     Spirit   .   O - +3 chain mail {MR+}
rPois    +         Reflect  +   (no helmet)
rElec    .         Harm     .   (no cloak)
rCorr    .         Rampage  .   (no gloves)
MR       +....     NoTele   +   (no boots)
Stlth    ++++......             Q - amulet of reflection
HPRegen  0.27/turn              J - +6 ring of strength
MPRegen  0.20/turn              K - +6 ring of strength

@: flying (expiring), wreathed by umbra, studying Polearms
A: distributed training, fangs 1, strong nose
a: Shadow Step, Shadow Form, Renounce Religion


You were in the Dungeon.
You worshipped Dithmenos.
Dithmenos was exalted by your worship.
You visited 1 branch

Inventory:

Hand Weapons
 a - a +5 quick blade
 p - a +5 double sword
 M - the +11 lance "Wyrmbane" (weapon) {slay drac, rPois rF+ rC+ AC+3}
   (You found it in the Dungeon)

   It affects your AC (+3).
   It protects you from fire.
   It protects you from cold.
   It protects you from poison.
Armour
 k - a +5 crystal plate armour
 l - +5 gold dragon scales
 o - a +3 tower shield (worn)
 O - a +3 chain mail of magic resistance (worn)
Jewellery
 b - an uncursed ring of stealth
 i - an uncursed amulet of regeneration
 E - an uncursed ring of flight
 F - a +6 ring of dexterity
 G - a +6 ring of dexterity
 H - a +6 ring of intelligence
 I - a +6 ring of intelligence
 J - a +6 ring of strength (left hand)
 K - a +6 ring of strength (right hand)
 P - an uncursed ring of magical power
 Q - an amulet of reflection (around neck)
Wands
 y - a wand of disintegration (7)
 C - a wand of iceblast (7)
 D - a wand of acid (7)
Scrolls
 c - 2 scrolls of acquirement
 j - 4 scrolls of blinking
 q - 4 scrolls of amnesia
 r - 7 scrolls of fog
 s - a scroll of holy word
 t - 5 scrolls of identify
 u - 5 scrolls of remove curse
 v - 2 scrolls of fear
Potions
 d - 6 potions of might
 e - 10 potions of curing
 g - 6 potions of haste
 h - 7 potions of magic
 w - 2 potions of brilliance
 x - 2 potions of invisibility
 z - 4 potions of resistance
 A - a potion of experience
 B - 5 potions of stabbing
Books
 m - a manual of Polearms
Miscellaneous
 f - a tin of tremorstones (2/3)
 n - a tin of tremorstones (2/3)
 L - a lightning rod (4/4)
 N - a lightning rod (4/4)


   Skills:
 + Level 13.2 Fighting
 + Level 11.8 Short Blades
 + Level 12.6 Long Blades
 + Level 11.8 Axes
 + Level 11.8 Maces & Flails
 + Level 13.0 Polearms
 + Level 11.8 Staves
 + Level 11.8 Slings
 + Level 11.8 Bows
 + Level 11.8 Crossbows
 + Level 11.8 Throwing
 + Level 13.2 Armour
 + Level 11.8 Dodging
 + Level 11.8 Stealth
 + Level 13.2 Shields
 + Level 11.8 Unarmed Combat
 + Level 11.8 Spellcasting
 + Level 10.1 Conjurations
 + Level 10.1 Hexes
 + Level 10.1 Summonings
 + Level 10.1 Necromancy
 + Level 10.1 Translocations
 + Level 10.1 Transmutations
 + Level 10.1 Fire Magic
 + Level 10.1 Ice Magic
 + Level 10.1 Air Magic
 + Level 10.1 Earth Magic
 + Level 10.1 Poison Magic
 + Level 12.8 Invocations
 + Level 11.8 Evocations


You had 34 spell levels left.
You didn't know any spells.
Your spell library contained the following spells:

 Spells                   Type           Power        Failure   Level
 Animate Skeleton         Necr           ####..       2%          1
 Apportation              Tloc           ####..       2%          1
 Corona                   Hex            ####...      2%          1
 Summon Small Mammal      Summ           ####         2%          1
 Dazzling Flash           Conj/Hex       ####..       7%          3
 Summon Ice Beast         Ice/Summ       ####....     22%         4
 Bolt of Magma            Conj/Fire/Erth ####......   52%         5
 Iron Shot                Conj/Erth      ####......   98%         6
 Malign Gateway           Summ/Tloc      ####......   100%        7
 Chain Lightning          Conj/Air       ####......   100%        8
 Lehudib's Crystal Spear  Conj/Erth      ####......   100%        8
 Absolute Zero            Ice            ####......   100%        9
 Fire Storm               Conj/Fire      ####......   100%        9


Dungeon Overview and Level Annotations

Branches:
Dungeon (1/1)

Altars:
Ashenzari
Cheibriados
Dithmenos
Elyvilon
Fedhas
Gozag
Hepliaklqana
Kikubaaqudgha
Makhleb
Nemelex Xobeh
Okawaru
Qazlal
Ru
Sif Muna
Trog
Uskayaw
Vehumet
Wu Jian
Xom
Yredelemnul
Zin
The Shining One
Beogh
Jiyva
Lugonu

Annotations:
D 1 transporter


Innate Abilities, Weirdness & Mutations

Your experience applies equally to all skills.
You have very sharp teeth.
Your uncanny sense of smell can sniff out nearby items.


Message History

You kill the spriggan air mage!
Dithmenos accepts your kill.
The burst of rock shards engulfs the air elemental!!
You destroy the air elemental!
Dithmenos accepts your kill.
Your Polearms skill increases to level 13!
The burst of rock shards engulfs the air elemental!!
The burst of rock shards engulfs the air elemental!
You destroy the air elemental!
Dithmenos accepts your kill. The burst of rock shards engulfs you.
* * * LOW HITPOINT WARNING * * *
You are engulfed in raging winds.
You block the air elemental's attack. The air elemental misses you.
The spriggan air mage waves its arms in wide circles.
The air twists around and violently strikes you in flight!!
* * * LOW HITPOINT WARNING * * *
The wind drake flaps its wings at you.
The air twists around and violently strikes you in flight!
You die...

▓▓▓▓▓▓▓▓▓▓▓▓▓▓▓
...8©8...▓...8©8...▓...8
.v}[:=.[.▓...|[=...▓..=)
▓..|:::§§§▓.(.||)=..▓...}
▓..§§§§§§§▓.........▓....
▓....§§§§§▓.........▓....
▓.§.§§§§§§▓.........▓....
▓§§§.§§§§§▓.........▓....
▓..▓§.§▓@§▓.........▓....
▓.▓.§§ki▓E▓.▓....)▓(▓....
▓.§.§§§§.§▓....©..((▓▓▓▓▓
▓▓▓▓▓▓▓▓▓▓▓▓▓▓▓▓▓▓▓▓▓
∆∆∆∆∆∆∆∆ ∆∆∆∆ ∆∆∆∆∆∆∆∆∆∆∆
∆∆∆∆∆∆∆∆∆∆∆∆∆ ∆∆∆∆∆∆∆∆∆∆∆
∆∆∆∆∆∆∆∆∆∆∆∆∆ ∆∆∆∆∆∆∆∆∆∆∆
∆∆∆∆∆∆∆


You could see a wind drake (repels missiles), a spriggan air mage (repels
missiles), an air elemental and an insubstantial wisp.

Vanquished Creatures
  An iron dragon (D)
  An ironheart preserver (D)
  2 stone giants (D)
  2 black draconians (D)
  2 crystal guardians (D)
  4 vault guards (D)
  A spriggan air mage (D)
  A dancing weapon (D)
  2 iron golems (D)
  A deep elf mage (D)
  4 draconians (D)
  A vault sentinel (D)
  3 black mambas (D)
  2 cane toads (D)
  4 komodo dragons (D)
  3 air elementals (D)
  A fire elemental (D)
  A basilisk (D)
  An insubstantial wisp (D)
  A naga (D)
  4 hell hounds (D)
  5 water moccasins (D)
  A floating eye (D)
  2 wolves (D)
  2 earth elementals (D)
  A quasit (D)
  An orc priest (D)
  2 jellies (D)
  4 iguanas (D)
  An adder (D)
  A river rat (D)
  A white imp (D)
  2 oozes (D)
  An orc (D)
  A bat zombie (D)
  A fire vortex (D)
68 creatures vanquished.

Vanquished Creatures (others)
  A gargoyle (D)
  An insubstantial wisp (D)
2 creatures vanquished.

Grand Total: 70 creatures vanquished

Notes
Turn   | Place    | Note
-------+----------+-------------------------------------------
     0 | D        | zazu2006 the Gnoll Fighter began the quest for the Orb.
     0 | D        | Reached XP level 1. HP: 23/23 MP: 1/1
     3 | D        | Found a blossoming altar of Fedhas.
     4 | D        | Found the +6 Majin-Bo {vamp, MP+6 Int+6}
     4 | D        | Found the +9 heavy crossbow "Sniper" {vorpal, Acc+∞ SInv}
     4 | D        | Found the +10 dark maul {vorpal}
     4 | D        | Found the +15 Maxwell's patent armour {-Cast -Tele rElec
                  | MR+ rCorr}
     4 | D        | Found the +18 shield of the Gong {rElec rN+ MR+ EV-5}
     4 | D        | Found the cursed +14 obsidian axe {vorpal, +Fly SInv
                  | *Curse}
     4 | D        | Found the +7 great mace "Firestarter" {inner flame, rF++}
     4 | D        | Found the +6 shillelagh "Devastator" {shatter}
     4 | D        | Found the +11 plutonium sword {*Contam Stlth-}
     4 | D        | Found the +8 lance "Wyrmbane" {slay drac, rPois rF+ rC+
                  | AC+3}
     4 | D        | Found the +9 sword of Zonguldrok {reap}
     4 | D        | Found the cursed +13 scythe of Curses {drain, *Curse}
     4 | D        | Found the +0 sword of Power
     4 | D        | Found the +7 mace of Variability {chain chaos}
     4 | D        | Found the +7 Singing Sword {vorpal, sonic wave}
     4 | D        | Found the +8 storm bow {elec, penet}
     5 | D        | Found a viscous altar of Jiyva.
     5 | D        | Found a hazy altar of Hepliaklqana.
     5 | D        | Found a transporter.
     5 | D        | Found an opulent altar of Gozag.
     5 | D        | Found an ancient bone altar of Kikubaaqudgha.
     5 | D        | Found a corrupted altar of Lugonu.
    13 | D        | Found a burning altar of Makhleb.
    14 | D        | Found a stormy altar of Qazlal.
    14 | D        | Found an iron altar of Okawaru.
    14 | D        | Found a sacrificial altar of Ru.
    14 | D        | Found a sparkling altar of Nemelex Xobeh.
    14 | D        | Found a shimmering blue altar of Sif Muna.
    14 | D        | Found a bloodstained altar of Trog.
    68 | D        | Became a worshipper of Dithmenos the Shadowed
    77 | D        | Entered arena 2.
    77 | D        | Noticed an orc priest
    77 | D        | Found a transporter.
    79 | D        | Killed an orc priest
    79 | D        | Reached skill level 1 in Short Blades
    79 | D        | Reached skill level 1 in Axes
    79 | D        | Reached skill level 1 in Maces & Flails
    79 | D        | Reached skill level 1 in Polearms
    79 | D        | Reached skill level 1 in Staves
    79 | D        | Reached skill level 1 in Slings
    79 | D        | Reached skill level 1 in Bows
    79 | D        | Reached skill level 1 in Crossbows
    79 | D        | Reached skill level 1 in Throwing
    79 | D        | Reached skill level 1 in Dodging
    79 | D        | Reached skill level 1 in Stealth
    79 | D        | Reached skill level 1 in Unarmed Combat
    79 | D        | Reached skill level 1 in Spellcasting
    79 | D        | Reached skill level 1 in Conjurations
    79 | D        | Reached skill level 1 in Hexes
    79 | D        | Reached skill level 1 in Summonings
    79 | D        | Reached skill level 1 in Necromancy
    79 | D        | Reached skill level 1 in Translocations
    79 | D        | Reached skill level 1 in Transmutations
    79 | D        | Reached skill level 1 in Fire Magic
    79 | D        | Reached skill level 1 in Ice Magic
    79 | D        | Reached skill level 1 in Air Magic
    79 | D        | Reached skill level 1 in Earth Magic
    79 | D        | Reached skill level 1 in Poison Magic
    79 | D        | Reached skill level 1 in Evocations
    79 | D        | Reached XP level 2. HP: 29/29 MP: 1/4
    79 | D        | Reached XP level 3. HP: 35/35 MP: 1/5
    87 | D        | Entered arena 3.
    87 | D        | Noticed a +1 long sword of holy wrath
    87 | D        | Noticed a deep elf mage
    87 | D        | Noticed a fire elemental
    87 | D        | Found a transporter.
    91 | D        | Killed a +1 long sword of holy wrath
    91 | D        | Reached * piety under Dithmenos
    91 | D        | Reached skill level 5 in Short Blades
    91 | D        | Reached skill level 5 in Axes
    91 | D        | Reached skill level 5 in Maces & Flails
    91 | D        | Reached skill level 5 in Polearms
    91 | D        | Reached skill level 5 in Staves
    91 | D        | Reached skill level 5 in Slings
    91 | D        | Reached skill level 5 in Bows
    91 | D        | Reached skill level 5 in Crossbows
    91 | D        | Reached skill level 5 in Throwing
    91 | D        | Reached skill level 5 in Dodging
    91 | D        | Reached skill level 5 in Stealth
    91 | D        | Reached skill level 5 in Unarmed Combat
    91 | D        | Reached skill level 5 in Spellcasting
    91 | D        | Reached skill level 5 in Evocations
    91 | D        | Reached XP level 4. HP: 45/45 MP: 2/11
    91 | D        | Reached XP level 5. HP: 51/51 MP: 2/13
    91 | D        | Reached XP level 6. HP: 57/57 MP: 2/14
    91 | D        | Reached XP level 7. HP: 63/63 MP: 2/15
    96 | D        | Killed a fire elemental
    99 | D        | Killed a deep elf mage
    99 | D        | Reached skill level 5 in Conjurations
    99 | D        | Reached skill level 5 in Hexes
    99 | D        | Reached skill level 5 in Summonings
    99 | D        | Reached skill level 5 in Necromancy
    99 | D        | Reached skill level 5 in Translocations
    99 | D        | Reached skill level 5 in Transmutations
    99 | D        | Reached skill level 5 in Fire Magic
    99 | D        | Reached skill level 5 in Ice Magic
    99 | D        | Reached skill level 5 in Air Magic
    99 | D        | Reached skill level 5 in Earth Magic
    99 | D        | Reached skill level 5 in Poison Magic
    99 | D        | Reached XP level 8. HP: 71/71 MP: 2/17
   105 | D        | Got Toqiuxut's Guide on the Creative Glacier
   183 | D        | Entered arena 4.
   183 | D        | Found a transporter.
   191 | D        | Reached ** piety under Dithmenos
   294 | D        | Entered arena 5.
   294 | D        | Found a transporter.
   306 | D        | Reached *** piety under Dithmenos
   325 | D        | Entered arena 6.
   325 | D        | Found a transporter.
   326 | D        | Paralysed by a floating eye for 4 turns
   331 | D        | Reached **** piety under Dithmenos
   331 | D        | Reached XP level 9. HP: 72/78 MP: 19/19
   348 | D        | Entered arena 7.
   348 | D        | Noticed a black draconian
   348 | D        | Noticed a draconian
   348 | D        | Noticed a draconian
   348 | D        | Noticed a draconian
   348 | D        | Noticed a black draconian
   348 | D        | Noticed a draconian
   349 | D        | Found a transporter.
   358 | D        | Killed a black draconian
   358 | D        | Reached ***** piety under Dithmenos
   358 | D        | Reached skill level 10 in Fighting
   358 | D        | Reached skill level 10 in Armour
   358 | D        | Reached skill level 10 in Shields
   361 | D        | Killed a black draconian
   361 | D        | Reached XP level 10. HP: 86/86 MP: 14/22
   367 | D        | Killed a draconian
   374 | D        | Killed a draconian
   383 | D        | Killed a draconian
   383 | D        | Reached skill level 10 in Long Blades
   386 | D        | Killed a draconian
   697 | D        | Entered arena 8.
   697 | D        | Noticed a vault sentinel
   697 | D        | Noticed a vault guard
   697 | D        | Noticed a vault guard
   697 | D        | Noticed an ironheart preserver
   697 | D        | Noticed a vault guard
   697 | D        | Noticed a vault guard
   698 | D        | Identified the +8 dagger of the Gloaming {holy, +Rage}
   698 | D        | Found a transporter.
   711 | D        | Killed an ironheart preserver
   711 | D        | Reached skill level 10 in Invocations
   715 | D        | Killed a vault sentinel
   734 | D        | Killed a vault guard
   734 | D        | Reached ****** piety under Dithmenos
   734 | D        | Reached XP level 11. HP: 19/93 MP: 24/24
   751 | D        | Killed a vault guard
   765 | D        | Killed a vault guard
   765 | D        | Reached skill level 10 in Short Blades
   765 | D        | Reached skill level 10 in Axes
   765 | D        | Reached skill level 10 in Maces & Flails
   765 | D        | Reached skill level 10 in Polearms
   765 | D        | Reached skill level 10 in Staves
   765 | D        | Reached skill level 10 in Slings
   765 | D        | Reached skill level 10 in Bows
   765 | D        | Reached skill level 10 in Crossbows
   765 | D        | Reached skill level 10 in Throwing
   765 | D        | Reached skill level 10 in Dodging
   765 | D        | Reached skill level 10 in Stealth
   765 | D        | Reached skill level 10 in Unarmed Combat
   765 | D        | Reached skill level 10 in Spellcasting
   765 | D        | Reached skill level 10 in Evocations
   774 | D        | Killed a vault guard
   792 | D        | Got Basicem's Guide on Harmful Creation
  1077 | D        | Entered arena 9.
  1108 | D        | Found a transporter.
  1336 | D        | Entered arena 10.
  1337 | D        | Found a transporter.
  1519 | D        | Entered arena 11.
  1556 | D        | Found a transporter.
  1564 | D        | Entered arena 12.
  1564 | D        | Noticed a crystal guardian
  1564 | D        | Noticed a crystal guardian
  1564 | D        | Noticed an iron dragon
  1564 | D        | Noticed an iron golem
  1564 | D        | Noticed a stone giant
  1565 | D        | Noticed a stone giant
  1566 | D        | Noticed an iron golem
  1586 | D        | Killed an iron dragon
  1586 | D        | Reached XP level 12. HP: 54/103 MP: 25/27
  1601 | D        | Killed a crystal guardian
  1617 | D        | Killed a crystal guardian
  1630 | D        | Killed a stone giant
  1656 | D        | Killed an iron golem
  1674 | D        | Killed a stone giant
  1674 | D        | Reached skill level 10 in Conjurations
  1674 | D        | Reached skill level 10 in Hexes
  1674 | D        | Reached skill level 10 in Summonings
  1674 | D        | Reached skill level 10 in Necromancy
  1674 | D        | Reached skill level 10 in Translocations
  1674 | D        | Reached skill level 10 in Transmutations
  1674 | D        | Reached skill level 10 in Fire Magic
  1674 | D        | Reached skill level 10 in Ice Magic
  1674 | D        | Reached skill level 10 in Air Magic
  1674 | D        | Reached skill level 10 in Earth Magic
  1674 | D        | Reached skill level 10 in Poison Magic
  1679 | D        | Found the +2 cloak of the Thief {*Fog Slay-2 SInv Stlth+}
  1679 | D        | Found a transporter.
  1788 | D        | Killed an iron golem
  2026 | D        | Entered arena 13.
  2026 | D        | Noticed a spriggan air mage
  2026 | D        | Noticed a spriggan air mage
  2027 | D        | Noticed a spriggan air mage
  2029 | D        | Found a transporter.
  2032 | D        | Killed a spriggan air mage
  2032 | D        | HP: 1/105 [spriggan air mage/the air (23)]
  2032 | D        | Killed from afar by a wind drake

Illustrated notes

Levels and vault maps discovered:
D:        sprint_v [room_start, room_1, room_2, room_3, room_4, room_5, room_6,
          room_7, room_8, room_9, room_10, room_11, room_12, room_13, room_14,
          room_15, room_16, room_17, room_18, room_19, room_20, room_21,
          room_22, room_23, room_24, room_25, room_26, room_27]

Skill      XL: |  1  2  3  4  5  6  7  8  9 10 11 12 |
---------------+-------------------------------------+-----
Short Blades   | 1 5 6 7 8 9 11 | 11.8
Axes           | 1 5 6 7 8 9 11 | 11.8
Maces & Flails | 1 5 6 7 8 9 11 | 11.8
Polearms       | 1 5 6 7 8 9 11 13 | 13.0
Staves         | 1 5 6 7 8 9 11 | 11.8
Slings         | 1 5 6 7 8 9 11 | 11.8
Bows           | 1 5 6 7 8 9 11 | 11.8
Crossbows      | 1 5 6 7 8 9 11 | 11.8
Throwing       | 1 5 6 7 8 9 11 | 11.8
Dodging        | 1 5 6 7 8 9 11 | 11.8
Stealth        | 1 5 6 7 8 9 11 | 11.8
Unarmed Combat | 1 5 6 7 8 9 11 | 11.8
Spellcasting   | 1 5 6 7 8 9 11 | 11.8
Conjurations   | 1 4 5 7 8 9 10 | 10.1
Hexes          | 1 4 5 7 8 9 10 | 10.1
Summonings     | 1 4 5 7 8 9 10 | 10.1
Necromancy     | 1 4 5 7 8 9 10 | 10.1
Translocations | 1 4 5 7 8 9 10 | 10.1
Transmutations | 1 4 5 7 8 9 10 | 10.1
Fire Magic     | 1 4 5 7 8 9 10 | 10.1
Ice Magic      | 1 4 5 7 8 9 10 | 10.1
Air Magic      | 1 4 5 7 8 9 10 | 10.1
Earth Magic    | 1 4 5 7 8 9 10 | 10.1
Poison Magic   | 1 4 5 7 8 9 10 | 10.1
Invocations    | 2 6 7 9 10 12 | 12.8
Evocations     | 1 5 6 7 8 9 11 | 11.8
Fighting       | 8 9 10 11 12 13 | 13.2
Long Blades    | 7 8 9 10 11 12 | 12.6
Armour         | 8 9 10 11 12 13 | 13.2
Shields        | 8 9 10 11 12 13 | 13.2

Action                   |  1- 3 |  4- 6 |  7- 9 | 10-12 || total
-------------------------+-------+-------+-------+-------++-------
Melee: Lance             |     5 |       |    61 |   314 ||   380
       Bite              |       |       |     8 |    77 ||    85
Evoke: Tin of tremorston |       |       |       |     1 ||     1
  Use: Potion            |     1 |       |     1 |    11 ||    13
Armor: Scale mail        |     1 |       |       |       ||     1
       Chain mail        |       |       |    28 |    33 ||    61
Dodge: Dodged            |       |       |    56 |    67 ||   123
Block: Buckler           |       |       |    37 |    14 ||    51
       Tower shield      |       |       |       |   341 ||   341
       Reflection        |       |       |       |     2 ||     2

Table legend: (Time is in decaauts)
 A = Elapsed time spent in this place.
 B = Non-inter-level travel time spent in this place.
 C = Inter-level travel time spent in this place.
 D = Time resting spent in this place.
 E = Time spent auto-exploring this place.
 F = Levels seen in this place.
 G = Mean time per level.
                   A        B        C        D        E       F      G
               +--------+--------+--------+--------+--------+-----+--------+
         Total |   1921 |   1921 |      0 |   1271 |      0 |   1 | 1921.0 |
       Dungeon |   1921 |   1921 |      0 |   1271 |      0 |   1 | 1921.0 |
               +--------+--------+--------+--------+--------+-----+--------+

Top non-repeatable levels by time:
       D: 1921 daAuts
